 Dungeon Crawl Stone Soup version 0.20-b1-2-gc5a9893 (webtiles) character file.

1498 galech the Grappler (level 8, -4/75 HPs)
             Began as a Troll Monk on May 22, 2017.
             Was a Believer of Okawaru.
             Slain by a centaur (6 damage)
             ... on level 6 of the Dungeon.
             The game lasted 00:08:47 (4465 turns).

galech the Grappler (Troll Monk)                    Turns: 4465, Time: 00:08:48

Health: -4/75      AC: -3    Str: 22    XL:     8   Next: 52%
Magic:  7/7        EV: 12    Int:  6    God:    Okawaru [**....]
Gold:   266        SH:  2    Dex: 12    Spells: 7/7 levels left

rFire    . . .     SeeInvis .     - Unarmed
rCold    . . .     Gourm    +   (no shield)
rNeg     . . .     Faith    .   a - +0 robe
rPois    .         Spirit   .   (helmet restricted)
rElec    .         Reflect  +   (no cloak)
rCorr    .         Harm     .   (gloves unavailable)
MR       .....                  (boots unavailable)
Stlth    ++........             w - +2 amulet of reflection
Regen    0.7/turn               (no ring)
MPRegen  0.1/turn               (no ring)

@: corroded
A: unfitting armour, claws 3, fast metabolism 3, gourmand, regeneration 1,
shaggy fur 1, tough skin 2
a: Heroism, Renounce Religion


You were on level 6 of the Dungeon.
You worshipped Okawaru.
Okawaru was pleased with you.
You were very full.

You visited 2 branches of the dungeon, and saw 7 of its levels.

You collected 266 gold pieces.

Inventory:

Armour
 a - a +0 robe (worn)
Jewellery
 f - an uncursed amulet of harm
 o - an uncursed amulet of guardian spirit
 q - an uncursed amulet of faith
 w - a +2 amulet of reflection (around neck)
Scrolls
 c - a scroll of enchant weapon {unknown}
 e - 3 scrolls of teleportation
 l - 2 scrolls of amnesia {unknown}
 n - a scroll of fear {unknown}
 p - a scroll of immolation {unknown}
 r - a scroll of recharging {unknown}
 s - a scroll of blinking {unknown}
 t - 3 scrolls of identify
 u - a scroll of random uselessness {unknown}
 y - a scroll of remove curse
 A - a scroll of enchant armour {unknown}
Potions
 d - a potion of cancellation {unknown}
 g - 2 potions of heal wounds {unknown}
 k - 3 potions of agility {unknown}
 m - 5 potions of brilliance {unknown}
 v - a potion of ambrosia {unknown}
 x - a potion of resistance {unknown}
 z - a potion of flight {unknown}
 B - a potion of lignification {unknown}
Comestibles
 b - 3 bread rations
 h - 2 meat rations
 i - 3 fruits
 j - a royal jelly


   Skills:
 + Level 3.3 Fighting
 + Level 4.7 Dodging
 + Level 2.5 Stealth
 + Level 8.7 Unarmed Combat


You had 7 spell levels left.
You didn't know any spells.

Dungeon Overview and Level Annotations

Branches:
Dungeon (6/15)             Temple (1/1) D:4

Altars:
Ashenzari
Cheibriados
Dithmenos
Elyvilon
Fedhas
Gozag
Hepliaklqana
Kikubaaqudgha
Makhleb
Nemelex Xobeh
Okawaru
Qazlal
Ru
Trog
Uskayaw
Vehumet
Xom
Yredelemnul
Zin
The Shining One


Innate Abilities, Weirdness & Mutations

You are too large for most types of armour.
You have claws for hands.
Your metabolism is lightning-fast.
You like to eat raw meat.
Your natural rate of healing is unusually fast.
You are covered in fur. (AC +1)
You have very tough skin. (AC +2)


Message History

The centaur unwields an uncursed shortbow.
The centaur hits you.
* * * LOW HITPOINT WARNING * * *
The phantom hits you.
* * * LOW HITPOINT WARNING * * *
You scratch the centaur but do no damage.
You claw the centaur!
The centaur is heavily wounded.
The centaur hits you.
* * * LOW HITPOINT WARNING * * *
The phantom hits you.
* * * LOW HITPOINT WARNING * * *
You barely miss the centaur.
The centaur is heavily wounded.
The centaur misses you. The phantom barely misses you. The centaur hits you!
* * * LOW HITPOINT WARNING * * *
You claw the centaur!
The centaur is almost dead.
The centaur hits you.
You die...

#.....##
##......##
##..((....##
#..........##
##....(...>..##
#....[........#
#.............#
#.#......(....#
####.....^@...#
##....Wc..##
##########


You could see a phantom and a centaur.

Vanquished Creatures
  The ghost of Gorglomux the Slinger, a novice OpHu (D:4)
  Prince Ribbit (D:5)
  Menkaure (D:4)
  A phantom (D:5)
  A centaur (D:4)
  An ogre (D:5)
  A bullfrog (D:5)
  2 crimson imps (D:5)
  A centaur zombie (D:5)
  6 hounds
  2 jellies
  2 orc wizards
  2 iguanas
  Terence (D:3)
  A worker ant (D:5)
  3 adders (D:5)
  An adder skeleton (D:5)
  A worm (D:2)
  5 dart slugs
  3 leopard geckos
  10 orcs
  7 bats
  5 giant cockroaches
  6 goblins
  10 hobgoblins
  2 jackals (D:5)
  4 quokkas
  A ball python (D:4)
  2 frilled lizards
  11 kobolds
  5 rats
100 creatures vanquished.

Notes
Turn   | Place    | Note
-------+----------+-------------------------------------------
     0 | D:1      | galech the Troll Monk began the quest for the Orb.
     0 | D:1      | Reached XP level 1. HP: 22/22 MP: 0/0
   119 | D:1      | Reached XP level 2. HP: 29/29 MP: 1/1
   731 | D:2      | Reached XP level 3. HP: 36/36 MP: 2/2
  1074 | D:3      | Noticed Terence
  1087 | D:3      | Killed Terence
  1087 | D:3      | Reached XP level 4. HP: 37/44 MP: 1/3
  1103 | D:3      | Reached skill level 4 in Unarmed Combat
  1406 | D:3      | Reached XP level 5. HP: 41/50 MP: 2/4
  2031 | D:4      | Noticed Menkaure
  2040 | D:4      | Killed Menkaure
  2040 | D:4      | Reached skill level 5 in Unarmed Combat
  2040 | D:4      | Reached XP level 6. HP: 12/59 MP: 5/5
  2467 | D:4      | Found a staircase to the Ecumenical Temple.
  2491 | D:4      | Noticed Gorglomux's ghost (novice OpHu)
  2514 | Temple   | Entered the Ecumenical Temple
  3017 | D:4      | Reached skill level 6 in Unarmed Combat
  3108 | D:4      | Killed Gorglomux's ghost
  3108 | D:4      | Reached XP level 7. HP: 55/67 MP: 6/6
  3111 | D:4      | Reached skill level 7 in Unarmed Combat
  3220 | D:5      | Entered Level 5 of the Dungeon
  3384 | D:5      | Noticed Prince Ribbit
  3399 | D:5      | HP: 2/67 [Prince Ribbit (8)]
  3760 | D:5      | Reached XP level 8. HP: 70/75 MP: 7/7
  3822 | D:5      | Reached skill level 8 in Unarmed Combat
  4114 | D:5      | Found a glowing silver altar of Zin.
  4114 | D:5      | Found a blossoming altar of Fedhas.
  4323 | D:5      | Killed Prince Ribbit
  4373 | D:5      | Found a basalt altar of Yredelemnul.
  4373 | D:5      | Found a white marble altar of Elyvilon.
  4373 | D:5      | Found a sacrificial altar of Ru.
  4373 | D:5      | Found a shadowy altar of Dithmenos.
  4373 | D:5      | Found a burning altar of Makhleb.
  4374 | D:5      | Found a shattered altar of Ashenzari.
  4375 | D:5      | Found a radiant altar of Vehumet.
  4376 | D:5      | Found a hide-covered altar of Uskayaw.
  4377 | D:5      | Found an iron altar of Okawaru.
  4383 | D:5      | Became a worshipper of Warmaster Okawaru
  4383 | D:5      | Reached * piety under Okawaru
  4383 | D:5      | Reached ** piety under Okawaru
  4464 | D:6      | HP: 2/75 [centaur (8)]
  4465 | D:6      | Slain by a centaur

Skill      XL: |  1  2  3  4  5  6  7  8 |
---------------+-------------------------+-----
Dodging        | 3 4 |  4.7
Unarmed Combat | 4 5 6 7 8 |  8.7
Fighting       | 3 |  3.3
Stealth        | 2 |  2.5

Action                   |  1- 3 |  4- 6 |  7- 9 || total
-------------------------+-------+-------+-------++-------
Melee: Unarmed           |    95 |   119 |    80 ||   294
       Punch             |       |     2 |     2 ||     4
  Use: Scroll            |       |     3 |     1 ||     4
 Stab: Sleeping          |     2 |     3 |       ||     5
       Distracted        |       |       |     1 ||     1
  Eat: Chunk             |    11 |    20 |    13 ||    44
Armor: Robe              |    25 |    29 |    18 ||    72
Dodge: Dodged            |    48 |    48 |    52 ||   148
Block: Other             |       |     5 |     2 ||     7
